 Dungeon Sprint DCSS version 0.19-a0-1882-gbb73ea0 (webtiles) character file.

1824 poirepourri the Earth Mage (level 9, -2/45 HPs)
             Began as a Gargoyle Earth Elementalist on Oct 14, 2016.
             Was a Believer of Vehumet.
             Slain by a demonic crawler (5 damage)
             ... in the Dungeon (Sprint I: "Red Sonja").
             The game lasted 00:02:30 (1134 turns).

poirepourri the Earth Mage (GrEE)                   Turns: 1134, Time: 00:02:31

Health: -2/45      AC:  7    Str: 12    XL:     9   Next: 11%
Magic:  2/25       EV: 13    Int: 19    God:    Vehumet [**....]
Gold:   525        SH:  0    Dex: 10    Spells: 5 memorised, 17 levels left

rFire  . . .     SeeInvis .     b - 10 stones
rCold  . . .     Gourm    .     c - +0 robe
rNeg   + . .     Faith    .     (no shield)
rPois  ∞         Spirit   .     (no helmet)
rElec  +         Dismiss  .     (no cloak)
rCorr  .         Reflect  .     (no gloves)
MR     .....     Harm     .     (no boots)
Stlth  ++........ NoTele   +    (no amulet)
                                (no ring)
                                (no ring)

@: very slightly contaminated
A: negative energy resistance 1, electricity resistance, unbreathing,
petrification resistance, rot immunity, AC +5
a: Renounce Religion


You were in the Dungeon.
You worshipped Vehumet.
Vehumet was pleased with you.
You were not hungry.

You visited 1 branch You collected 525 gold pieces.

Inventory:

Hand Weapons
 a - a +2 dagger of venom
Missiles
 b - 10 stones (in hand)
Armour
 c - a +0 robe (worn)
Potions
 e - a potion of curing
 f - 2 potions of heal wounds
 g - a potion of haste
 h - a potion of magic
 i - a potion of berserk rage
Books
 k - a book of Geomancy

   Spells                             Type                      Level
   a - Sandblast                      Earth                        1
   b - Passwall                       Transmutation/Earth          2
   c - Stone Arrow                    Conjuration/Earth            3
   d - Petrify                        Transmutation/Earth          4
   e - Lee's Rapid Deconstruction     Earth                        5


   Skills:
 - Level 4.4 Dodging
 - Level 4.5 Stealth
 * Level 12.3 Spellcasting
 + Level 3.3 Conjurations
 - Level 1.0 Transmutations
 + Level 15.0 Earth Magic


You had 17 spell levels left.
You knew the following spells:

 Your Spells              Type           Power        Failure   Level  Hunger
a - Sandblast             Erth           ######       0%          1    None
b - Passwall              Tmut/Erth      #####.....   1%          2    None
c - Stone Arrow           Conj/Erth      #####.       1%          3    None
d - Petrify               Tmut/Erth      #####...     1%          4    #......
e - Lee's Rapid Deconstr  Erth           ######....   1%          5    ####...


Dungeon Overview and Level Annotations

Branches:
Dungeon (1/1)

Altars:
Cheibriados
Dithmenos
Elyvilon
Fedhas
Gozag
Hepliaklqana
Kikubaaqudgha
Makhleb
Nemelex Xobeh
Okawaru
Qazlal
Ru
Sif Muna
Trog
Uskayaw
Vehumet
Xom
Yredelemnul
Zin
The Shining One
Jiyva
Lugonu

Shops:
D }


Innate Abilities, Weirdness & Mutations

You are resistant to torment.
Your stone body is resilient. (AC +5)
You are immune to poison.
You resist negative energy. (rN+)
You are resistant to electric shocks. (rElec)
You can survive without breathing.
You are immune to petrification.
You are immune to rotting.


Message History

Casting: Sandblast
Confirm with . or Enter, or press ? or * to list all spells.
Aiming: Sandblast
Press: ? - help, Shift-Dir - straight line, f/p - demonic crawler
Aim: a demonic crawler (almost dead, clinging)
The rocky blast hits the demonic crawler.
The demonic crawler is almost dead.
The demonic crawler barely misses you.
The demonic crawler hits you but does no damage.
The demonic crawler closely misses you.
The demonic crawler hits you but does no damage.
The demonic crawler closely misses you.
The demonic crawler hits you but does no damage.
The demonic crawler hits you. The demonic crawler hits you!
* * * LOW HITPOINT WARNING * * *
The demonic crawler hits you.
* * * LOW HITPOINT WARNING * * *
The demonic crawler hits you but does no damage.
The demonic crawler hits you.
You die...

##########################
#<.#..)..#..'..#__#..)...#
#..'..#..').#..'^s)..#..K#
#..#####'#####.#__####
..'s #..####..#...#.####
##s #..#__####..##.#
#.÷#_____##'#s.+
#⌠⌠#_.∩...÷.@s_#
####_..__##_(#'#
#_____###'#(#
#########.### +...+ #...#
##.## #+#


You could see 2 demonic crawlers.

Vanquished Creatures
  Sonja (D)
  2 kobold demonologists (D)
  A slime creature (D)
  Sigmund (D)
  A yak (D)
  A floating eye (D)
  An ogre (D)
  A jelly (D)
  Ijyb (D)
10 creatures vanquished.

Notes
Turn   | Place    | Note
-------+----------+-------------------------------------------
     0 | D        | poirepourri the Gargoyle Earth Elementalist began the quest for the Orb.
     0 | D        | Reached XP level 1. HP: 10/10 MP: 3/3
     4 | D        | Noticed Ijyb
    14 | D        | Killed Ijyb
    14 | D        | Reached skill level 6 in Earth Magic
    14 | D        | Reached XP level 2. HP: 15/15 MP: 1/6
    14 | D        | Reached XP level 3. HP: 19/19 MP: 1/7
   146 | D        | Learned a level 2 spell: Passwall
   150 | D        | Learned a level 3 spell: Stone Arrow
   254 | D        | Noticed an ogre
   259 | D        | Killed an ogre
   259 | D        | Reached skill level 9 in Earth Magic
   259 | D        | Reached XP level 4. HP: 3/24 MP: 3/10
   410 | D        | Learned a level 4 spell: Petrify
   532 | D        | Noticed Sigmund
   536 | D        | Killed Sigmund
   536 | D        | Reached skill level 1 in Transmutations
   536 | D        | Reached skill level 11 in Earth Magic
   536 | D        | Reached XP level 5. HP: 22/28 MP: 6/13
   536 | D        | Reached XP level 6. HP: 25/32 MP: 6/15
   661 | D        | Learned a level 5 spell: Lee's Rapid Deconstruction
   662 | D        | Found a deep blue altar of Sif Muna.
   664 | D        | Found a radiant altar of Vehumet.
   683 | D        | Became a worshipper of Vehumet
   701 | D        | Found Fasusav's Gadget Emporium.
   701 | D        | Found an ancient bone altar of Kikubaaqudgha.
   701 | D        | Found a hazy altar of Hepliaklqana.
   701 | D        | Found a stormy altar of Qazlal.
   701 | D        | Found a hide-covered altar of Uskayaw.
   701 | D        | Found a blossoming altar of Fedhas.
   701 | D        | Found a bloodstained altar of Trog.
   701 | D        | Found an iron altar of Okawaru.
   701 | D        | Found a basalt altar of Yredelemnul.
   701 | D        | Found a glowing golden altar of the Shining One.
   701 | D        | Found a snail-covered altar of Cheibriados.
   701 | D        | Found a sacrificial altar of Ru.
   701 | D        | Found a glowing silver altar of Zin.
   701 | D        | Found a shadowy altar of Dithmenos.
   701 | D        | Found a white marble altar of Elyvilon.
   701 | D        | Noticed a yak
   706 | D        | Killed a yak
   706 | D        | Reached skill level 1 in Conjurations
   706 | D        | Reached skill level 12 in Earth Magic
   706 | D        | Reached XP level 7. HP: 32/36 MP: 6/17
   830 | D        | Found an opulent altar of Gozag.
   831 | D        | Found a sparkling altar of Nemelex Xobeh.
   842 | D        | Noticed Sonja
   848 | D        | Killed Sonja
   848 | D        | Reached skill level 10 in Spellcasting
   848 | D        | Reached skill level 14 in Earth Magic
   848 | D        | Reached XP level 8. HP: 41/41 MP: 3/22
   957 | D        | Found a burning altar of Makhleb.
   957 | D        | Found a viscous altar of Jiyva.
   957 | D        | Found a shimmering altar of Xom.
   957 | D        | Found a corrupted altar of Lugonu.
   957 | D        | Noticed a slime creature
   963 | D        | Killed a slime creature
   963 | D        | Reached * piety under Vehumet
   963 | D        | Offered knowledge of Freeze by Vehumet.
  1110 | D        | Noticed a kobold demonologist
  1111 | D        | Noticed a kobold demonologist
  1115 | D        | Killed a kobold demonologist
  1117 | D        | Noticed a demonic crawler
  1117 | D        | Noticed a demonic crawler
  1124 | D        | Killed a kobold demonologist
  1124 | D        | Offered knowledge of Throw Flame by Vehumet.
  1124 | D        | Reached ** piety under Vehumet
  1124 | D        | Reached skill level 15 in Earth Magic
  1124 | D        | Reached XP level 9. HP: 45/45 MP: 13/25
  1134 | D        | Slain by a demonic crawler

Vault maps used:
D:        dungeon_sprint_1

Skill      XL: |  1  2  3  4  5  6  7  8 |
---------------+-------------------------+-----
Dodging        | 2 3 4 |  4.4
Spellcasting   | 3 4 6 7 10 12 | 12.3
Earth Magic    | 6 9 11 12 14 15 | 15.0
Stealth        | 4 |  4.5
Transmutations | 1 |  1.0
Conjurations   | 1 2 3 |  3.3

Action                   |  1- 3 |  4- 6 |  7- 9 || total
-------------------------+-------+-------+-------++-------
 Cast: Sandblast         |     8 |     9 |    13 ||    30
       Stone Arrow       |       |     2 |    10 ||    12
       Lee's Rapid Decon |       |       |     2 ||     2
  Use: Potion            |     1 |       |       ||     1
       Scroll            |       |       |     1 ||     1
  Eat: Bread ration      |       |       |     1 ||     1
Armor: Robe              |     1 |     1 |     6 ||     8
Dodge: Dodged            |     4 |       |     8 ||    12
